Monsters vs Griffins
Created - February 6, 2023 at 19:03
Goals
|
| Monsters |
1 |
0 |
2 |
3 |
| Griffins |
0 |
4 |
1 |
5 |
|
Shots
|
| Monsters |
23 |
7 |
11 |
41 |
| Griffins |
14 |
15 |
6 |
35 |
|
1st period
1. Monsters , Gerald Mayhew 12 (Jared Knight 16) at 11:07
Penalties :
No Penalty
2nd period
2. Griffins , Riley Armstrong 17 (Brendan Woods 13, Troy Terry 7) at 5:12
3. Griffins , Ryan Pulock 5 (Chris Bigras 13, Lucas Lessio 18) at 8:05
4. Griffins , Nico Hischier 5 (Sonny Milano 22, Adam Gaudette 8) at 11:50
5. Griffins , Tyler Bertuzzi 15 (Ryan Pulock 6, Jack Roslovic 36) at 17:57
Penalties :
Tyler Bertuzzi (Gra) for Tripping (Minor) at 0:12, Zac Dalpe (Cle) for Hooking (Minor) at 5:34, Joe Morrow (Gra) for Holding (Minor) at 9:12, Gerald Mayhew (Cle) for Slashing (Minor) at 12:32
3rd period
6. Griffins , Jack Roslovic 25 (Joe Morrow 12) at 1:16
7. Monsters , Zac Dalpe 23 (Kyle Connor 14) at 4:50
8. Monsters , Austin Watson 16 (Kyle Connor 15, Zac Dalpe 33) at 7:30
Penalties :
Aaron Ness (Cle) for Holding (Minor) at 1:38, Nathan Noel (Cle) for Hooking (Minor) at 15:02, Brendan Woods (Gra) for Interference (Minor) at 17:07
Goalie Stats
Maxime Lagace (Cle), 30 saves from 35 shots - (0.857), L, 3-8-2, 60:00 minutes
Adam Werner (Gra), 38 saves from 41 shots - (0.927), W, 4-3-1, 60:00 minutes
Players Stats for Monsters
Player Name G A P +/- PIM S H SB GA TA FO MP PP MP PK MP
------------------------------------------------------------------------------------
Aaron Ness 0 0 0 -1 2 3 4 3 1 2 0/0 26:33 3:11 3:22
Alex Schoenborn 0 0 0 0 0 0 0 0 0 0 0/0 0:20 0:06 0:00
Alexandre Texier 0 0 0 0 0 0 0 0 0 0 0/0 0:36 0:06 0:00
Austin Watson 1 0 1 1 0 4 3 0 0 0 1/1 21:49 3:08 1:49
Cameron Hughes 0 0 0 0 0 0 0 0 0 0 0/2 1:08 0:00 1:05
Carl Grundstrom 0 0 0 0 0 0 1 0 0 0 0/0 7:29 0:00 0:00
Dillon Heatherington 0 0 0 0 0 1 0 1 0 0 0/0 20:39 2:46 3:29
Francis Perron 0 0 0 0 0 0 0 0 0 0 0/2 2:19 0:00 2:02
Gerald Mayhew 1 0 1 -2 2 3 5 1 0 0 1/1 14:51 2:43 0:00
Jared Knight 0 1 1 -2 0 1 4 1 0 0 7/12 16:46 2:43 1:49
Joakim Nordstrom 0 0 0 -1 0 1 2 0 0 0 0/0 10:41 0:00 1:05
Kyle Connor 0 2 2 1 0 4 1 1 1 0 0/2 24:07 3:08 4:42
Marc Michaelis 0 0 0 -2 0 4 2 0 0 0 0/1 14:20 2:43 0:00
Matt Grzelcyk 0 0 0 0 0 2 0 0 1 1 0/0 20:39 2:46 3:29
Maxim Mamin 0 0 0 0 0 0 0 0 0 0 0/1 0:36 0:06 0:00
Maxime Comtois 0 0 0 0 0 3 1 0 0 0 0/0 7:29 0:00 0:00
Nathan Noel 0 0 0 0 2 0 0 0 0 0 2/3 7:29 0:00 0:00
Richard Nejezchleb 0 0 0 -1 0 0 1 0 0 0 0/0 9:36 0:00 0:00
Ryan Fitzgerald 0 0 0 -1 0 1 1 0 1 0 2/3 9:36 0:00 0:00
Tarmo Reunanen 0 0 0 -1 0 0 0 1 0 0 0/0 12:52 0:00 1:05
Tony DeAngelo 0 0 0 -1 0 7 4 0 1 0 0/0 27:39 3:11 4:27
Victor Mete 0 0 0 -1 0 0 0 1 0 0 0/0 11:42 0:00 0:00
Zac Dalpe 1 1 2 1 2 7 1 0 1 0 18/33 22:44 3:08 3:20
Zachary Senyshyn 0 0 0 0 0 0 0 0 0 0 0/0 0:00 0:00 0:00
Players Stats for Griffins
Player Name G A P +/- PIM S H SB GA TA FO MP PP MP PK MP
------------------------------------------------------------------------------------
Adam Gaudette 0 1 1 0 0 0 2 0 0 0 1/1 18:09 4:17 0:00
Brendan Woods 0 1 1 0 2 0 4 1 0 0 0/0 15:29 3:10 2:10
Chris Bigras 0 1 1 2 0 0 0 4 0 2 0/0 15:37 0:00 2:12
Cody Glass 0 0 0 1 0 2 0 0 0 0 1/2 8:42 0:02 0:00
Danny Kristo 0 0 0 1 0 3 5 3 3 0 3/8 21:55 3:18 3:11
Dmitri Orlov 0 0 0 -2 0 2 0 1 0 0 0/0 18:43 3:10 1:07
Ian McCoshen 0 0 0 -1 0 2 1 0 0 1 0/0 18:30 0:00 2:38
Jack Roslovic 1 1 2 1 0 3 0 1 0 1 16/26 19:54 4:36 0:00
Jack Studnicka 0 0 0 1 0 1 3 0 0 0 0/1 9:53 0:02 1:41
Joe Morrow 0 1 1 2 2 2 1 1 0 0 0/0 18:39 4:46 0:00
Lucas Lessio 0 1 1 1 0 3 0 0 0 0 0/0 11:29 0:21 2:31
Nico Hischier 1 0 1 0 0 1 3 0 0 0 5/14 18:52 4:46 0:41
Riley Armstrong 1 0 1 0 0 6 0 1 0 0 2/6 13:55 3:18 1:12
Ryan Lindgren 0 0 0 2 0 0 2 4 0 1 0/0 15:49 0:00 3:36
Ryan Pulock 1 1 2 1 0 3 1 5 0 1 0/0 22:10 0:00 2:21
Sonny Milano 0 1 1 0 0 3 1 1 0 0 1/1 16:39 3:18 0:28
Troy Terry 0 1 1 0 0 0 0 1 0 0 0/0 9:23 0:00 0:00
Tyler Bertuzzi 1 0 1 1 2 4 1 3 0 0 1/2 20:12 4:36 0:00
3 Stars
1 - Ryan Pulock (Gra)
2 - Jack Roslovic (Gra)
3 - Nico Hischier (Gra)
Power Play
Monsters - 0 on 3 Attempt(s) - 0.00%
Griffins - 0 on 4 Attempt(s) - 0.00%
Penalty Kill
Monsters - 4 on 4 Attempt(s) - 100.00%
- Score 0 goal in Penalty Kill
Griffins - 3 on 3 Attempt(s) - 100.00%
- Score 0 goal in Penalty Kill
Team Stat
Monsters - Hits : 30 - Faceoff Wins : 31 - Blocked Shots : 9 - Penalty Minutes : 8
Griffins - Hits : 24 - Faceoff Wins : 30 - Blocked Shots : 26 - Penalty Minutes : 6
Official
Referees : Tom Chmielewski and Peter MacDougall
Linesman : Travis Toomey and Tony Sericolo
Game Notes
Chris Bigras is injured at 0:35 of 3rd period (Left Hand)
Finance
Level 1 -- Attendance: 1973 (98.65%) -- Ticket Income $69,055
Level 2 -- Attendance: 942 (94.20%) -- Ticket Income $14,130
Total Attendance: 2915 (97.17%)
Total Ticket Income: $83,185
Other Income: $4,159
Total Income: $87,344
Monsters
5 vs 5 Forward
Center Left Wing Right Wing Time % Phy DF OF
1 Zac Dalpe Kyle Connor Austin Watson 40 1 2 2
2 Jared Knight Marc Michaelis Gerald Mayhew 30 1 2 2
3 Ryan Fitzgerald Joakim Nordstrom Richard Nejezchleb 20 1 2 2
4 Nathan Noel Maxime Comtois Carl Grundstrom 10 1 2 2
5 vs 5 Defense
Defense Defense Time % Phy DF OF
1 Tony DeAngelo Aaron Ness 40 1 2 2
2 Dillon Heatherington Matt Grzelcyk 30 1 2 2
3 Victor Mete Tarmo Reunanen 20 1 2 2
4 Tony DeAngelo Aaron Ness 10 1 2 2
PowerPlay Forward
Center Left Wing Right Wing Time % Phy DF OF
1 Zac Dalpe Kyle Connor Austin Watson 60 1 2 2
2 Jared Knight Marc Michaelis Gerald Mayhew 40 1 2 2
PowerPlay Defense
Defense Defense Time % Phy DF OF
1 Tony DeAngelo Aaron Ness 60 1 2 2
2 Dillon Heatherington Matt Grzelcyk 40 1 2 2
Penalty Kill 4 Players Forward
Center Wing Time % Phy DF OF
1 Zac Dalpe Kyle Connor 60 1 2 2
2 Austin Watson Jared Knight 40 1 2 2
Penalty Kill 4 Players Defense
Defense Defense Time % Phy DF OF
1 Tony DeAngelo Aaron Ness 60 1 2 2
2 Dillon Heatherington Matt Grzelcyk 40 1 2 2
Penalty Kill - 3 Players Forward
Forward Time % Phy DF OF
1 Zac Dalpe 60 1 2 2
2 Kyle Connor 40 1 2 2
Penalty Kill - 3 Players Defense
Defense Defense Time % Phy DF OF
1 Tony DeAngelo Aaron Ness 60 1 2 2
2 Dillon Heatherington Matt Grzelcyk 40 1 2 2
4 vs 4 Forward
Center Wing Time % Phy DF OF
1 Zac Dalpe Kyle Connor 60 1 2 2
2 Austin Watson Jared Knight 40 1 2 2
4 vs 4 Defense
Defense Defense Time % Phy DF OF
1 Tony DeAngelo Aaron Ness 60 1 2 2
2 Dillon Heatherington Matt Grzelcyk 40 1 2 2
Last Minutes Offensive
Center Left Wing Right Wing Defense Defense
Zac Dalpe Kyle Connor Austin Watson Tony DeAngelo Aaron Ness
Last Minutes Defensive
Center Left Wing Right Wing Defense Defense
Zac Dalpe Kyle Connor Austin Watson Tony DeAngelo Aaron Ness
Goaltenders
Starting : Maxime Lagace
Backup : Ilya Samsonov
Extra Forwards
Normal : Maxim Mamin, Alexandre Texier, Francis Perron - PP : Maxim Mamin, Alexandre Texier - PK : Francis Perron
Extra Defensemen
Normal : Victor Mete, Tarmo Reunanen, Dillon Heatherington - PP : Victor Mete - PK : Tarmo Reunanen, Dillon Heatherington
Penalty Shots
Zac Dalpe, Kyle Connor, Austin Watson, Jared Knight, Marc Michaelis
Scratches
Jesse Graham (Left Foot Injury), Luca Sbisa (Healthy), Peyton Jones (Healthy)
Griffins
5 vs 5 Forward
Center Left Wing Right Wing Time % Phy DF OF
1 Jack Roslovic Tyler Bertuzzi Danny Kristo 40 1 2 2
2 Nico Hischier Sonny Milano Adam Gaudette 30 1 2 2
3 Riley Armstrong Brendan Woods Troy Terry 20 1 2 2
4 Cody Glass Lucas Lessio Jack Studnicka 10 1 2 2
5 vs 5 Defense
Defense Defense Time % Phy DF OF
1 Ryan Pulock Chris Bigras 40 1 4 0
2 Dmitri Orlov Ian McCoshen 30 1 4 0
3 Joe Morrow Ryan Lindgren 20 1 4 0
4 Joe Morrow Ryan Lindgren 10 1 4 0
PowerPlay Forward
Center Left Wing Right Wing Time % Phy DF OF
1 Jack Roslovic Tyler Bertuzzi Adam Gaudette 60 1 2 2
2 Riley Armstrong Sonny Milano Danny Kristo 40 1 2 2
PowerPlay Defense
Defense Defense Time % Phy DF OF
1 Joe Morrow Nico Hischier 60 1 2 2
2 Dmitri Orlov Brendan Woods 40 1 2 2
Penalty Kill 4 Players Forward
Center Wing Time % Phy DF OF
1 Danny Kristo Brendan Woods 60 1 2 2
2 Riley Armstrong Lucas Lessio 40 1 2 2
Penalty Kill 4 Players Defense
Defense Defense Time % Phy DF OF
1 Chris Bigras Ryan Lindgren 60 1 2 2
2 Ryan Pulock Ian McCoshen 40 1 2 2
Penalty Kill - 3 Players Forward
Forward Time % Phy DF OF
1 Brendan Woods 60 1 2 2
2 Riley Armstrong 40 1 2 2
Penalty Kill - 3 Players Defense
Defense Defense Time % Phy DF OF
1 Chris Bigras Ryan Lindgren 60 1 2 2
2 Ian McCoshen Ryan Pulock 40 1 2 2
4 vs 4 Forward
Center Wing Time % Phy DF OF
1 Jack Roslovic Tyler Bertuzzi 60 1 2 2
2 Riley Armstrong Lucas Lessio 40 1 2 2
4 vs 4 Defense
Defense Defense Time % Phy DF OF
1 Ian McCoshen Dmitri Orlov 60 1 2 2
2 Chris Bigras Ryan Pulock 40 1 2 2
Last Minutes Offensive
Center Left Wing Right Wing Defense Defense
Jack Roslovic Tyler Bertuzzi Adam Gaudette Danny Kristo Dmitri Orlov
Last Minutes Defensive
Center Left Wing Right Wing Defense Defense
Riley Armstrong Brendan Woods Lucas Lessio Chris Bigras Ian McCoshen
Goaltenders
Starting : Adam Werner
Backup : Joni Ortio
Extra Forwards
Normal : Tyler Bertuzzi, Brendan Woods, Troy Terry - PP : Lucas Lessio, Sonny Milano - PK : Jack Studnicka
Extra Defensemen
Normal : Ian McCoshen, Ryan Pulock, Dmitri Orlov - PP : Ian McCoshen - PK : Ryan Lindgren, Dmitri Orlov
Penalty Shots
Jack Roslovic, Adam Gaudette, Riley Armstrong, Lucas Lessio, Brendan Woods
Scratches
Klim Kostin (Healthy), Morgan Barron (Healthy), Lias Andersson (Healthy), Greg McKegg (Healthy), Jack Ramsey (Healthy)
Sebastian Ahaut (Healthy), Konrad Abeltshauser (Healthy), Michael Bunting (Healthy), Conor Timmins (Healthy), Tanner Kero (Healthy)
Tomas Hyka (Healthy), Vladislav Namestnikov (Healthy), Nick Swaney (Healthy), Marcus Hogberg (Healthy), Philippe Desrosiers (Healthy)
% Time on Ice - Monsters
Lines # - Real PCT - Wanted PCT - Time Play
Normal Forward
1 - 36% - 40% - 16:48
2 - 27% - 30% - 12:14
3 - 21% - 20% - 9:36
4 - 16% - 10% - 7:29
Normal Defense
1 - 40% - 40% - 18:16
2 - 31% - 30% - 14:24
3 - 25% - 20% - 11:42
4 - 4% - 10% - 1:45
PP Forward
1 - 54% - 60% - 3:14
2 - 46% - 40% - 2:43
PP Defense
1 - 54% - 60% - 3:11
2 - 46% - 40% - 2:46
PK Forward
1 - 77% - 60% - 6:07
2 - 23% - 40% - 1:49
PK Defense
1 - 56% - 60% - 4:27
2 - 44% - 40% - 3:29
PK3 Forward
1 - 0% - 60%
2 - 0% - 40%
PK3 Defense
1 - 0% - 60%
2 - 0% - 40%
44 Forward
1 - 0% - 60%
2 - 0% - 40%
44 Defense
1 - 0% - 60%
2 - 0% - 40%
Last Minute Offensive - 0:00
Last Minute Defensive - 0:00
Total
Forward - 60:00
Defense - 60:00
|
% Time on Ice - Griffins
Lines # - Real PCT - Wanted PCT - Time Play
Normal Forward
1 - 34% - 40% - 15:47
2 - 29% - 30% - 13:16
3 - 20% - 20% - 9:00
4 - 17% - 10% - 8:04
Normal Defense
1 - 48% - 40% - 22:19
2 - 28% - 30% - 13:03
3 - 17% - 20% - 7:52
4 - 6% - 10% - 2:53
PP Forward
1 - 58% - 60% - 4:38
2 - 42% - 40% - 3:18
PP Defense
1 - 60% - 60% - 4:46
2 - 40% - 40% - 3:10
PK Forward
1 - 80% - 60% - 4:45
2 - 20% - 40% - 1:12
PK Defense
1 - 61% - 60% - 3:36
2 - 39% - 40% - 2:21
PK3 Forward
1 - 0% - 60%
2 - 0% - 40%
PK3 Defense
1 - 0% - 60%
2 - 0% - 40%
44 Forward
1 - 0% - 60%
2 - 0% - 40%
44 Defense
1 - 0% - 60%
2 - 0% - 40%
Last Minute Offensive - 0:00
Last Minute Defensive - 0:00
Total
Forward - 60:00
Defense - 60:00
|
Play-by-Play
1st period
0:01 of 1st period - Jack Roslovic wins face-off versus Zac Dalpe in neutral zone.
0:27 of 1st period - Chris Bigras is hit by Jared Knight and loses puck.
0:38 of 1st period - Snap shot by Gerald Mayhew.
0:38 of 1st period - Stopped by Adam Werner with a rebound.
0:48 of 1st period - Slapshot by Brendan Woods.
0:48 of 1st period - Deflect By Riley Armstrong.
0:48 of 1st period - Stopped by Maxime Lagace with a rebound.
0:50 of 1st period - Wrist shot by Riley Armstrong.
0:50 of 1st period - Stopped by Maxime Lagace without a rebound.
0:51 of 1st period - Ryan Fitzgerald wins face-off versus Riley Armstrong in Monsters zone.
0:58 of 1st period - Slapshot by Richard Nejezchleb.
0:58 of 1st period - Shot Misses the Net.
1:20 of 1st period - Slapshot by Maxime Comtois.
1:20 of 1st period - Stopped by Adam Werner with a rebound.
1:22 of 1st period - Wrist shot by Dillon Heatherington.
1:22 of 1st period - Deflect By Tyler Bertuzzi.
1:22 of 1st period - Stopped by Adam Werner without a rebound.
1:23 of 1st period - Zac Dalpe wins face-off versus Jack Studnicka in Griffins zone.
1:24 of 1st period - Snap shot by Kyle Connor.
1:24 of 1st period - Shot Blocked by Chris Bigras.
1:26 of 1st period - Backhand shot by Zac Dalpe.
1:26 of 1st period - Stopped by Adam Werner with a rebound.
1:28 of 1st period - Slapshot by Tarmo Reunanen.
1:28 of 1st period - Shot Blocked by Chris Bigras.
1:32 of 1st period - Snap shot by Austin Watson.
1:32 of 1st period - Shot Blocked by Ryan Pulock.
1:55 of 1st period - Snap shot by Jack Roslovic.
1:55 of 1st period - Shot Misses the Net.
2:12 of 1st period - Icing by Chris Bigras.
2:13 of 1st period - Sonny Milano wins face-off versus Zac Dalpe in Griffins zone.
2:48 of 1st period - Wrist shot by Danny Kristo.
2:48 of 1st period - Shot Blocked by Tarmo Reunanen.
3:33 of 1st period - Backhand shot by Lucas Lessio.
3:33 of 1st period - Deflect By Jack Studnicka.
3:33 of 1st period - Stopped by Maxime Lagace with a rebound.
3:52 of 1st period - Slapshot by Zac Dalpe.
3:52 of 1st period - Shot Blocked by Ryan Lindgren.
3:54 of 1st period - Wrist shot by Zac Dalpe.
3:54 of 1st period - Shot Misses the Net.
4:04 of 1st period - Tony DeAngelo is hit by Tyler Bertuzzi and loses puck.
4:32 of 1st period - Matt Grzelcyk is hit by Brendan Woods and loses puck.
5:04 of 1st period - Wrist shot by Joakim Nordstrom.
5:04 of 1st period - Deflect By Ryan Fitzgerald.
5:04 of 1st period - Stopped by Adam Werner with a rebound.
5:06 of 1st period - Slapshot by Tony DeAngelo.
5:06 of 1st period - Stopped by Adam Werner with a rebound.
5:08 of 1st period - Slapshot by Dillon Heatherington.
5:08 of 1st period - Shot Blocked by Ryan Pulock.
5:10 of 1st period - Slapshot by Aaron Ness.
5:10 of 1st period - Stopped by Adam Werner with a rebound.
5:26 of 1st period - Wrist shot by Joakim Nordstrom.
5:26 of 1st period - Stopped by Adam Werner with a rebound.
6:23 of 1st period - Snap shot by Cody Glass.
6:23 of 1st period - Stopped by Maxime Lagace with a rebound.
6:25 of 1st period - Slapshot by Dmitri Orlov.
6:25 of 1st period - Shot Blocked by Dillon Heatherington.
6:27 of 1st period - Slapshot by Ian McCoshen.
6:27 of 1st period - Deflect By Matt Grzelcyk.
6:27 of 1st period - Stopped by Maxime Lagace with a rebound.
6:31 of 1st period - Snap shot by Lucas Lessio.
6:31 of 1st period - Stopped by Maxime Lagace with a rebound.
6:33 of 1st period - Slapshot by Dmitri Orlov.
6:33 of 1st period - Stopped by Maxime Lagace with a rebound.
6:35 of 1st period - Slapshot by Dmitri Orlov.
6:35 of 1st period - Stopped by Maxime Lagace with a rebound.
6:37 of 1st period - Slapshot by Ian McCoshen.
6:37 of 1st period - Stopped by Maxime Lagace without a rebound.
6:38 of 1st period - Zac Dalpe wins face-off versus Jack Roslovic in Monsters zone.
6:38 of 1st period - Zac Dalpe is hit by Ryan Lindgren.
6:52 of 1st period - Slapshot by Aaron Ness.
6:52 of 1st period - Shot Misses the Net.
7:06 of 1st period - Icing by Jared Knight.
7:07 of 1st period - Jared Knight wins face-off versus Nico Hischier in Monsters zone.
8:11 of 1st period - Snap shot by Jared Knight.
8:11 of 1st period - Deflect By Marc Michaelis.
8:11 of 1st period - Shot Blocked by Joe Morrow.
8:11 of 1st period - Puck is out of play.
8:12 of 1st period - Jared Knight wins face-off versus Nico Hischier in Griffins zone.
8:26 of 1st period - Ryan Pulock is hit by Aaron Ness and loses puck.
8:46 of 1st period - Snap shot by Zac Dalpe.
8:46 of 1st period - Shot Misses the Net.
8:48 of 1st period - Slapshot by Matt Grzelcyk.
8:48 of 1st period - Stopped by Adam Werner without a rebound.
8:49 of 1st period - Jared Knight wins face-off versus Nico Hischier in Griffins zone.
8:54 of 1st period - Slapshot by Tony DeAngelo.
8:54 of 1st period - Stopped by Adam Werner with a rebound.
8:56 of 1st period - Wrist shot by Gerald Mayhew.
8:56 of 1st period - Stopped by Adam Werner without a rebound.
8:57 of 1st period - Nico Hischier wins face-off versus Jared Knight in Griffins zone.
9:12 of 1st period - Slapshot by Tony DeAngelo.
9:12 of 1st period - Stopped by Adam Werner without a rebound.
9:13 of 1st period - Jack Roslovic wins face-off versus Zac Dalpe in Griffins zone.
9:22 of 1st period - Slapshot by Danny Kristo.
9:22 of 1st period - Deflect By Jack Roslovic.
9:22 of 1st period - Shot Misses the Net.
9:22 of 1st period - Puck is out of play.
9:23 of 1st period - Zac Dalpe wins face-off versus Jack Roslovic in Monsters zone.
9:36 of 1st period - Slapshot by Danny Kristo.
9:36 of 1st period - Stopped by Maxime Lagace with a rebound.
9:44 of 1st period - Joe Morrow is hit by Austin Watson and loses puck.
10:01 of 1st period - Snap shot by Zac Dalpe.
10:01 of 1st period - Stopped by Adam Werner with a rebound.
10:03 of 1st period - Slapshot by Aaron Ness.
10:03 of 1st period - Shot Blocked by Ryan Lindgren.
10:05 of 1st period - Slapshot by Tony DeAngelo.
10:05 of 1st period - Stopped by Adam Werner with a rebound.
10:07 of 1st period - Slapshot by Aaron Ness.
10:07 of 1st period - Shot Blocked by Ryan Lindgren.
10:09 of 1st period - Slapshot by Aaron Ness.
10:09 of 1st period - Stopped by Adam Werner with a rebound.
10:11 of 1st period - Snap shot by Zac Dalpe.
10:11 of 1st period - Shot Blocked by Tyler Bertuzzi.
10:29 of 1st period - Wrist shot by Kyle Connor.
10:29 of 1st period - Shot Blocked by Danny Kristo.
10:51 of 1st period - Slapshot by Zac Dalpe.
10:51 of 1st period - Shot Misses the Net.
10:53 of 1st period - Slapshot by Aaron Ness.
10:53 of 1st period - Shot Blocked by Ryan Lindgren.
10:59 of 1st period - Wrist shot by Zac Dalpe.
10:59 of 1st period - Stopped by Adam Werner with a rebound.
11:01 of 1st period - Slapshot by Tony DeAngelo.
11:01 of 1st period - Shot Misses the Net.
11:03 of 1st period - Wrist shot by Aaron Ness.
11:03 of 1st period - Deflect By Kyle Connor.
11:03 of 1st period - Deflect By Joe Morrow.
11:03 of 1st period - Shot Blocked by Jack Roslovic.
11:03 of 1st period - Puck is out of play.
11:04 of 1st period - Gerald Mayhew wins face-off versus Nico Hischier in Griffins zone.
11:07 of 1st period - Snap shot by Gerald Mayhew.
11:07 of 1st period - Goal by Gerald Mayhew - Monsters : 1 - Griffins : 0.
11:08 of 1st period - Jared Knight wins face-off versus Riley Armstrong in neutral zone.
11:11 of 1st period - Brendan Woods is hit by Gerald Mayhew and loses puck.
11:38 of 1st period - Off-side.
11:39 of 1st period - Nathan Noel wins face-off versus Nico Hischier in neutral zone.
12:30 of 1st period - Tarmo Reunanen is hit by Jack Studnicka.
12:34 of 1st period - Dmitri Orlov is hit by Ryan Fitzgerald and loses puck.
12:51 of 1st period - Wrist shot by Sonny Milano.
12:51 of 1st period - Stopped by Maxime Lagace without a rebound.
12:52 of 1st period - Jared Knight wins face-off versus Nico Hischier in Monsters zone.
13:45 of 1st period - Snap shot by Carl Grundstrom.
13:45 of 1st period - Shot Misses the Net.
14:03 of 1st period - Snap shot by Lucas Lessio.
14:03 of 1st period - Stopped by Maxime Lagace with a rebound.
14:05 of 1st period - Wrist shot by Joe Morrow.
14:05 of 1st period - Deflect By Tony DeAngelo.
14:05 of 1st period - Stopped by Maxime Lagace with a rebound.
14:21 of 1st period - Adam Gaudette is hit by Marc Michaelis and loses puck.
14:32 of 1st period - Snap shot by Marc Michaelis.
14:32 of 1st period - Stopped by Adam Werner without a rebound.
14:33 of 1st period - Danny Kristo wins face-off versus Zac Dalpe in Griffins zone.
14:42 of 1st period - Slapshot by Jack Roslovic.
14:42 of 1st period - Shot Misses the Net.
15:19 of 1st period - Ryan Pulock is hit by Tony DeAngelo and loses puck.
16:20 of 1st period - Snap shot by Marc Michaelis.
16:20 of 1st period - Stopped by Adam Werner with a rebound.
16:22 of 1st period - Snap shot by Matt Grzelcyk.
16:22 of 1st period - Deflect By Adam Gaudette.
16:22 of 1st period - Stopped by Adam Werner without a rebound.
16:23 of 1st period - Zac Dalpe wins face-off versus Nico Hischier in Griffins zone.
16:24 of 1st period - Wrist shot by Kyle Connor.
16:24 of 1st period - Shot Blocked by Chris Bigras.
16:26 of 1st period - Snap shot by Kyle Connor.
16:26 of 1st period - Shot Blocked by Sonny Milano.
16:28 of 1st period - Wrist shot by Kyle Connor.
16:28 of 1st period - Stopped by Adam Werner with a rebound.
16:30 of 1st period - Slapshot by Aaron Ness.
16:30 of 1st period - Shot Misses the Net.
16:36 of 1st period - Slapshot by Zac Dalpe.
16:36 of 1st period - Shot Blocked by Ryan Pulock.
16:38 of 1st period - Snap shot by Austin Watson.
16:38 of 1st period - Stopped by Adam Werner with a rebound.
16:48 of 1st period - Chris Bigras is hit by Maxime Comtois and loses puck.
17:25 of 1st period - Danny Kristo is hit by Jared Knight and loses puck.
17:47 of 1st period - Snap shot by Matt Grzelcyk.
17:47 of 1st period - Shot Blocked by Danny Kristo.
17:55 of 1st period - Jack Roslovic is hit by Austin Watson and loses puck.
18:24 of 1st period - Snap shot by Riley Armstrong.
18:24 of 1st period - Shot Blocked by Aaron Ness.
18:50 of 1st period - Lucas Lessio is hit by Joakim Nordstrom and loses puck.
19:03 of 1st period - Wrist shot by Austin Watson.
19:03 of 1st period - Stopped by Adam Werner without a rebound.
19:04 of 1st period - Zac Dalpe wins face-off versus Nico Hischier in Griffins zone.
19:11 of 1st period - Aaron Ness is hit by Adam Gaudette and loses puck.
19:36 of 1st period - Snap shot by Tony DeAngelo.
19:36 of 1st period - Shot Blocked by Riley Armstrong.
19:38 of 1st period - Slapshot by Tony DeAngelo.
19:38 of 1st period - Deflect By Gerald Mayhew.
19:38 of 1st period - Shot Misses the Net.
19:38 of 1st period - Puck is out of play.
19:39 of 1st period - Jack Roslovic wins face-off versus Jared Knight in Griffins zone.
19:50 of 1st period - Wrist shot by Danny Kristo.
19:50 of 1st period - Deflect By Jared Knight.
19:50 of 1st period - Shot Misses the Net.
19:50 of 1st period - Puck is out of play.
19:51 of 1st period - Austin Watson wins face-off versus Danny Kristo in Monsters zone.
19:54 of 1st period - Slapshot by Tyler Bertuzzi.
19:54 of 1st period - Stopped by Maxime Lagace with a rebound.
Goals for this period are 1 for Monsters vs 0 for Griffins.
Shots for this period are 23 for Monsters vs 14 for Griffins.
2nd period
0:01 of 2nd period - Jack Roslovic wins face-off versus Zac Dalpe in neutral zone.
0:12 of 2nd period - Minor Penalty to Tyler Bertuzzi for Tripping.
0:13 of 2nd period - Danny Kristo wins face-off versus Kyle Connor in Griffins zone.
0:21 of 2nd period - Slapshot by Tony DeAngelo.
0:21 of 2nd period - Stopped by Adam Werner with a rebound.
0:23 of 2nd period - Snap shot by Zac Dalpe.
0:23 of 2nd period - Shot Misses the Net.
0:25 of 2nd period - Slapshot by Tony DeAngelo.
0:25 of 2nd period - Stopped by Adam Werner without a rebound.
0:26 of 2nd period - Zac Dalpe wins face-off versus Danny Kristo in Griffins zone.
0:31 of 2nd period - Snap shot by Kyle Connor.
0:31 of 2nd period - Stopped by Adam Werner with a rebound.
0:33 of 2nd period - Slapshot by Tony DeAngelo.
0:33 of 2nd period - Stopped by Adam Werner with a rebound.
2:12 of 2nd period - Penalty to Tyler Bertuzzi is over, Tyler Bertuzzi is back on ice.
2:22 of 2nd period - Icing by Richard Nejezchleb.
2:23 of 2nd period - Nico Hischier wins face-off versus Ryan Fitzgerald in Monsters zone.
2:32 of 2nd period - Snap shot by Nico Hischier.
2:32 of 2nd period - Shot Blocked by Victor Mete.
2:34 of 2nd period - Slapshot by Dmitri Orlov.
2:34 of 2nd period - Deflect By Adam Gaudette.
2:34 of 2nd period - Shot Misses the Net.
2:34 of 2nd period - Puck is out of play.
2:35 of 2nd period - Jared Knight wins face-off versus Jack Roslovic in Monsters zone.
2:46 of 2nd period - Snap shot by Jared Knight.
2:46 of 2nd period - Stopped by Adam Werner with a rebound.
3:05 of 2nd period - Slapshot by Kyle Connor.
3:05 of 2nd period - Shot Misses the Net.
3:45 of 2nd period - Ian McCoshen is hit by Carl Grundstrom and loses puck.
4:33 of 2nd period - Snap shot by Zac Dalpe.
4:33 of 2nd period - Stopped by Adam Werner with a rebound.
4:36 of 2nd period - Icing by Brendan Woods.
4:37 of 2nd period - Riley Armstrong wins face-off versus Zac Dalpe in Griffins zone.
4:37 of 2nd period - Riley Armstrong is hit by Kyle Connor.
4:47 of 2nd period - Wrist shot by Riley Armstrong.
4:47 of 2nd period - Shot Misses the Net.
5:12 of 2nd period - Wrist shot by Brendan Woods.
5:12 of 2nd period - Deflect By Riley Armstrong.
5:12 of 2nd period - Goal by Riley Armstrong - Monsters : 1 - Griffins : 1.
5:13 of 2nd period - Tyler Bertuzzi wins face-off versus Kyle Connor in neutral zone.
5:18 of 2nd period - Wrist shot by Jack Roslovic.
5:18 of 2nd period - Stopped by Maxime Lagace with a rebound.
5:20 of 2nd period - Slapshot by Tyler Bertuzzi.
5:20 of 2nd period - Shot Misses the Net.
5:22 of 2nd period - Slapshot by Ryan Pulock.
5:22 of 2nd period - Deflect By Danny Kristo.
5:22 of 2nd period - Stopped by Maxime Lagace with a rebound.
5:34 of 2nd period - Minor Penalty to Zac Dalpe for Hooking.
5:35 of 2nd period - Jack Roslovic wins face-off versus Francis Perron in Monsters zone.
5:46 of 2nd period - Slapshot by Tyler Bertuzzi.
5:46 of 2nd period - Deflect By Adam Gaudette.
5:46 of 2nd period - Shot Misses the Net.
5:46 of 2nd period - Puck is out of play.
5:47 of 2nd period - Jack Roslovic wins face-off versus Francis Perron in Monsters zone.
6:02 of 2nd period - Snap shot by Jack Roslovic.
6:02 of 2nd period - Shot Blocked by Aaron Ness.
6:12 of 2nd period - Aaron Ness is hit by Sonny Milano and loses puck.
6:21 of 2nd period - Wrist shot by Riley Armstrong.
6:21 of 2nd period - Stopped by Maxime Lagace without a rebound.
6:22 of 2nd period - Jack Roslovic wins face-off versus Cameron Hughes in Monsters zone.
6:47 of 2nd period - Sonny Milano is hit by Joakim Nordstrom and loses puck.
7:13 of 2nd period - Slapshot by Riley Armstrong.
7:13 of 2nd period - Stopped by Maxime Lagace without a rebound.
7:14 of 2nd period - Jack Roslovic wins face-off versus Cameron Hughes in Monsters zone.
7:34 of 2nd period - Penalty to Zac Dalpe is over, Zac Dalpe is back on ice.
7:47 of 2nd period - Snap shot by Joe Morrow.
7:47 of 2nd period - Stopped by Maxime Lagace without a rebound.
7:48 of 2nd period - Cody Glass wins face-off versus Jared Knight in Monsters zone.
7:57 of 2nd period - Snap shot by Lucas Lessio.
7:57 of 2nd period - Shot Misses the Net.
7:59 of 2nd period - Slapshot by Chris Bigras.
7:59 of 2nd period - Shot Misses the Net.
8:01 of 2nd period - Snap shot by Chris Bigras.
8:01 of 2nd period - Shot Hit the Post.
8:03 of 2nd period - Slapshot by Ryan Pulock.
8:03 of 2nd period - Stopped by Maxime Lagace with a rebound.
8:05 of 2nd period - Slapshot by Ryan Pulock.
8:05 of 2nd period - Goal by Ryan Pulock - Monsters : 1 - Griffins : 2.
8:06 of 2nd period - Jack Roslovic wins face-off versus Zac Dalpe in neutral zone.
8:09 of 2nd period - Zac Dalpe is hit by Ryan Pulock.
8:20 of 2nd period - Wrist shot by Danny Kristo.
8:20 of 2nd period - Stopped by Maxime Lagace with a rebound.
8:22 of 2nd period - Snap shot by Tyler Bertuzzi.
8:22 of 2nd period - Stopped by Maxime Lagace with a rebound.
8:55 of 2nd period - Joe Morrow is hit by Marc Michaelis and loses puck.
9:00 of 2nd period - Wrist shot by Jared Knight.
9:00 of 2nd period - Shot Misses the Net.
9:02 of 2nd period - Slapshot by Marc Michaelis.
9:02 of 2nd period - Stopped by Adam Werner with a rebound.
9:12 of 2nd period - Minor Penalty to Joe Morrow for Holding.
9:13 of 2nd period - Jared Knight wins face-off versus Danny Kristo in Griffins zone.
9:20 of 2nd period - Wrist shot by Marc Michaelis.
9:20 of 2nd period - Shot Blocked by Brendan Woods.
9:26 of 2nd period - Wrist shot by Danny Kristo.
9:26 of 2nd period - Shot Misses the Net.
9:28 of 2nd period - Wrist shot by Danny Kristo.
9:28 of 2nd period - Shot Misses the Net.
9:30 of 2nd period - Slapshot by Ryan Lindgren.
9:30 of 2nd period - Shot Blocked by Jared Knight.
10:29 of 2nd period - Jared Knight is hit by Ryan Lindgren and loses puck.
10:42 of 2nd period - Tony DeAngelo is hit by Danny Kristo and loses puck.
11:12 of 2nd period - Penalty to Joe Morrow is over, Joe Morrow is back on ice.
11:36 of 2nd period - Wrist shot by Adam Gaudette.
11:36 of 2nd period - Shot Misses the Net.
11:38 of 2nd period - Wrist shot by Sonny Milano.
11:38 of 2nd period - Stopped by Maxime Lagace without a rebound.
11:39 of 2nd period - Ryan Fitzgerald wins face-off versus Nico Hischier in Monsters zone.
11:50 of 2nd period - Snap shot by Nico Hischier.
11:50 of 2nd period - Goal by Nico Hischier - Monsters : 1 - Griffins : 3.
11:51 of 2nd period - Jack Roslovic wins face-off versus Zac Dalpe in neutral zone.
12:04 of 2nd period - Aaron Ness is hit by Danny Kristo and loses puck.
12:17 of 2nd period - Sonny Milano is hit by Jared Knight and loses puck.
12:32 of 2nd period - Minor Penalty to Gerald Mayhew for Slashing.
12:33 of 2nd period - Zac Dalpe wins face-off versus Jack Roslovic in Monsters zone.
13:20 of 2nd period - Icing by Jack Roslovic.
13:21 of 2nd period - Zac Dalpe wins face-off versus Jack Roslovic in Griffins zone.
13:31 of 2nd period - Off-side.
13:32 of 2nd period - Riley Armstrong wins face-off versus Zac Dalpe in neutral zone.
13:57 of 2nd period - Brendan Woods is hit by Austin Watson and loses puck.
14:32 of 2nd period - Penalty to Gerald Mayhew is over, Gerald Mayhew is back on ice.
14:46 of 2nd period - Jared Knight is hit by Jack Studnicka and loses puck.
15:19 of 2nd period - Snap shot by Nathan Noel.
15:19 of 2nd period - Deflect By Maxime Comtois.
15:19 of 2nd period - Shot Blocked by Tyler Bertuzzi.
15:19 of 2nd period - Puck is out of play.
15:20 of 2nd period - Jack Roslovic wins face-off versus Nathan Noel in Griffins zone.
15:45 of 2nd period - Tyler Bertuzzi is hit by Tony DeAngelo and loses puck.
15:52 of 2nd period - Snap shot by Ryan Fitzgerald.
15:52 of 2nd period - Deflect By Danny Kristo.
15:52 of 2nd period - Shot Misses the Net.
15:52 of 2nd period - Puck is out of play.
15:53 of 2nd period - Adam Gaudette wins face-off versus Zac Dalpe in Griffins zone.
17:53 of 2nd period - Wrist shot by Tyler Bertuzzi.
17:53 of 2nd period - Stopped by Maxime Lagace with a rebound.
17:55 of 2nd period - Slapshot by Ryan Pulock.
17:55 of 2nd period - Stopped by Maxime Lagace with a rebound.
17:57 of 2nd period - Wrist shot by Tyler Bertuzzi.
17:57 of 2nd period - Goal by Tyler Bertuzzi - Monsters : 1 - Griffins : 4.
17:58 of 2nd period - Nico Hischier wins face-off versus Zac Dalpe in neutral zone.
18:25 of 2nd period - Dillon Heatherington is hit by Brendan Woods and loses puck.
18:52 of 2nd period - Tony DeAngelo is hit by Jack Studnicka.
19:16 of 2nd period - Carl Grundstrom is hit by Danny Kristo and loses puck.
19:29 of 2nd period - Snap shot by Zac Dalpe.
19:29 of 2nd period - Shot Blocked by Ryan Pulock.
19:31 of 2nd period - Wrist shot by Austin Watson.
19:31 of 2nd period - Shot Misses the Net.
19:33 of 2nd period - Slapshot by Zac Dalpe.
19:33 of 2nd period - Deflect By Austin Watson.
19:33 of 2nd period - Shot Blocked by Ryan Pulock.
19:33 of 2nd period - Puck is out of play.
19:34 of 2nd period - Nico Hischier wins face-off versus Zac Dalpe in Griffins zone.
19:34 of 2nd period - Nico Hischier is hit by Aaron Ness.
Goals for this period are 0 for Monsters vs 4 for Griffins.
Shots for this period are 7 for Monsters vs 15 for Griffins.
3rd period
0:01 of 3rd period - Zac Dalpe wins face-off versus Jack Roslovic in neutral zone.
0:06 of 3rd period - Snap shot by Zac Dalpe.
0:06 of 3rd period - Shot Misses the Net.
0:26 of 3rd period - Chris Bigras is hit by Gerald Mayhew and loses puck.
0:35 of 3rd period - Wrist shot by Gerald Mayhew.
0:35 of 3rd period - Shot Blocked by Chris Bigras.
0:35 of 3rd period - Chris Bigras from Griffins is injured at 0:35 of 3rd period (Left Hand).
0:36 of 3rd period - Jack Roslovic wins face-off versus Zac Dalpe in Griffins zone.
0:47 of 3rd period - Wrist shot by Jack Roslovic.
0:47 of 3rd period - Shot Misses the Net.
0:51 of 3rd period - Snap shot by Jack Roslovic.
0:51 of 3rd period - Shot Blocked by Kyle Connor.
1:01 of 3rd period - Sonny Milano is hit by Gerald Mayhew and loses puck.
1:10 of 3rd period - Snap shot by Marc Michaelis.
1:10 of 3rd period - Stopped by Adam Werner without a rebound.
1:11 of 3rd period - Jack Roslovic wins face-off versus Marc Michaelis in Griffins zone.
1:16 of 3rd period - Slapshot by Joe Morrow.
1:16 of 3rd period - Deflect By Jack Roslovic.
1:16 of 3rd period - Goal by Jack Roslovic - Monsters : 1 - Griffins : 5.
1:17 of 3rd period - Zac Dalpe wins face-off versus Jack Roslovic in neutral zone.
1:24 of 3rd period - Slapshot by Tony DeAngelo.
1:24 of 3rd period - Shot Blocked by Danny Kristo.
1:38 of 3rd period - Minor Penalty to Aaron Ness for Holding.
1:39 of 3rd period - Jack Roslovic wins face-off versus Zac Dalpe in Monsters zone.
1:50 of 3rd period - Wrist shot by Jack Roslovic.
1:50 of 3rd period - Stopped by Maxime Lagace without a rebound.
1:51 of 3rd period - Zac Dalpe wins face-off versus Jack Roslovic in Monsters zone.
2:02 of 3rd period - Tony DeAngelo is hit by Joe Morrow and loses puck.
2:21 of 3rd period - Nico Hischier is hit by Jared Knight and loses puck.
3:38 of 3rd period - Penalty to Aaron Ness is over, Aaron Ness is back on ice.
3:52 of 3rd period - Snap shot by Lucas Lessio.
3:52 of 3rd period - Stopped by Maxime Lagace without a rebound.
3:53 of 3rd period - Nathan Noel wins face-off versus Cody Glass in Monsters zone.
4:04 of 3rd period - Slapshot by Maxime Comtois.
4:04 of 3rd period - Stopped by Adam Werner with a rebound.
4:16 of 3rd period - Slapshot by Maxime Comtois.
4:16 of 3rd period - Stopped by Adam Werner without a rebound.
4:17 of 3rd period - Zac Dalpe wins face-off versus Riley Armstrong in Griffins zone.
4:50 of 3rd period - Wrist shot by Zac Dalpe.
4:50 of 3rd period - Goal by Zac Dalpe - Monsters : 2 - Griffins : 5.
4:51 of 3rd period - Jack Roslovic wins face-off versus Jared Knight in neutral zone.
5:01 of 3rd period - Wrist shot by Jack Roslovic.
5:01 of 3rd period - Shot Blocked by Gerald Mayhew.
5:03 of 3rd period - Wrist shot by Danny Kristo.
5:03 of 3rd period - Shot Blocked by Aaron Ness.
6:26 of 3rd period - Snap shot by Cody Glass.
6:26 of 3rd period - Stopped by Maxime Lagace without a rebound.
6:27 of 3rd period - Zac Dalpe wins face-off versus Jack Roslovic in Monsters zone.
6:27 of 3rd period - Zac Dalpe is hit by Danny Kristo.
6:37 of 3rd period - Slapshot by Tony DeAngelo.
6:37 of 3rd period - Deflect By Zac Dalpe.
6:37 of 3rd period - Stopped by Adam Werner without a rebound.
6:38 of 3rd period - Zac Dalpe wins face-off versus Tyler Bertuzzi in Griffins zone.
6:39 of 3rd period - Snap shot by Kyle Connor.
6:39 of 3rd period - Stopped by Adam Werner with a rebound.
6:41 of 3rd period - Slapshot by Zac Dalpe.
6:41 of 3rd period - Shot Misses the Net.
6:43 of 3rd period - Slapshot by Aaron Ness.
6:43 of 3rd period - Stopped by Adam Werner without a rebound.
6:44 of 3rd period - Jack Roslovic wins face-off versus Zac Dalpe in Griffins zone.
6:44 of 3rd period - Jack Roslovic is hit by Tony DeAngelo.
7:20 of 3rd period - Wrist shot by Sonny Milano.
7:20 of 3rd period - Stopped by Maxime Lagace without a rebound.
7:21 of 3rd period - Zac Dalpe wins face-off versus Danny Kristo in Monsters zone.
7:28 of 3rd period - Snap shot by Austin Watson.
7:28 of 3rd period - Stopped by Adam Werner with a rebound.
7:30 of 3rd period - Snap shot by Austin Watson.
7:30 of 3rd period - Goal by Austin Watson - Monsters : 3 - Griffins : 5.
7:31 of 3rd period - Zac Dalpe wins face-off versus Jack Roslovic in neutral zone.
7:56 of 3rd period - Nico Hischier is hit by Gerald Mayhew and loses puck.
8:21 of 3rd period - Wrist shot by Joakim Nordstrom.
8:21 of 3rd period - Shot Blocked by Troy Terry.
8:54 of 3rd period - Tarmo Reunanen is hit by Nico Hischier and loses puck.
9:01 of 3rd period - Aaron Ness is hit by Nico Hischier and loses puck.
10:44 of 3rd period - Ryan Pulock is hit by Gerald Mayhew and loses puck.
11:07 of 3rd period - Slapshot by Joe Morrow.
11:07 of 3rd period - Shot Misses the Net.
11:23 of 3rd period - Adam Gaudette is hit by Tony DeAngelo and loses puck.
11:41 of 3rd period - Nathan Noel is hit by Ian McCoshen and loses puck.
12:10 of 3rd period - Victor Mete is hit by Adam Gaudette and loses puck.
12:17 of 3rd period - Lucas Lessio is hit by Aaron Ness.
12:25 of 3rd period - Carl Grundstrom is hit by Brendan Woods and loses puck.
12:47 of 3rd period - Zac Dalpe is hit by Danny Kristo and loses puck.
13:55 of 3rd period - Matt Grzelcyk is hit by Nico Hischier and loses puck.
14:08 of 3rd period - Marc Michaelis is hit by Brendan Woods and loses puck.
14:25 of 3rd period - Tyler Bertuzzi is hit by Richard Nejezchleb and loses puck.
14:43 of 3rd period - Sonny Milano is hit by Aaron Ness and loses puck.
15:02 of 3rd period - Minor Penalty to Nathan Noel for Hooking.
15:03 of 3rd period - Zac Dalpe wins face-off versus Riley Armstrong in Monsters zone.
15:18 of 3rd period - Snap shot by Riley Armstrong.
15:18 of 3rd period - Stopped by Maxime Lagace with a rebound.
15:52 of 3rd period - Snap shot by Jared Knight.
15:52 of 3rd period - Shot Blocked by Tyler Bertuzzi.
17:02 of 3rd period - Penalty to Nathan Noel is over, Nathan Noel is back on ice.
17:07 of 3rd period - Minor Penalty to Brendan Woods for Interference.
17:08 of 3rd period - Zac Dalpe wins face-off versus Danny Kristo in Griffins zone.
17:10 of 3rd period - Slapshot by Zac Dalpe.
17:10 of 3rd period - Shot Blocked by Dmitri Orlov.
17:12 of 3rd period - Snap shot by Austin Watson.
17:12 of 3rd period - Shot Misses the Net.
17:14 of 3rd period - Slapshot by Zac Dalpe.
17:14 of 3rd period - Stopped by Adam Werner with a rebound.
17:22 of 3rd period - Wrist shot by Kyle Connor.
17:22 of 3rd period - Stopped by Adam Werner with a rebound.
17:33 of 3rd period - Icing by Jared Knight.
17:34 of 3rd period - Danny Kristo wins face-off versus Jared Knight in Monsters zone.
18:27 of 3rd period - Sonny Milano is hit by Zac Dalpe and loses puck.
19:07 of 3rd period - Penalty to Brendan Woods is over, Brendan Woods is back on ice.
19:56 of 3rd period - Icing by Adam Gaudette.
19:57 of 3rd period - Nico Hischier wins face-off versus Maxim Mamin in Griffins zone.
Goals for this period are 2 for Monsters vs 1 for Griffins.
Shots for this period are 11 for Monsters vs 6 for Griffins.